 Dungeon Crawl Stone Soup version 0.27.0-1-g7a089689b8 (webtiles) character file.

Game seed: 15904243996247036276

35 nightchill the Sneak (level 3, -1/20 HPs)
             Began as a Kobold Enchanter on Aug 9, 2021.
             Slain by a kobold (3 damage)
             ... on level 1 of the Dungeon on Aug 12, 2021.
             The game lasted 00:04:36 (1615 turns).

nightchill the Sneak (Kobold Enchanter)             Turns: 1615, Time: 00:04:36

Health: -1/20      AC:  2    Str:  6    XL:     3   Next: 55%
Magic:  3/6        EV: 15    Int: 16    God:
Gold:   34         SH:  0    Dex: 15    Spells: 3/6 levels left

rFire    . . .     SeeInvis .   a - +1 dagger
rCold    . . .     Faith    .   (shield restricted)
rNeg     . . .     Spirit   .   b - +0 robe
rPois    .         Reflect  .   (no helmet)
rElec    .         Harm     .   (no cloak)
rCorr    .         Rampage  .   (no gloves)
Will     .....                  (no boots)
Stlth    ++++......             (no amulet)
HPRegen  0.06/turn              (no ring)
MPRegen  0.10/turn              (no ring)

@: no status effects
A: small, no large weapons, nightstalker 3
a: no special abilities


You were on level 1 of the Dungeon.
You visited 1 branch of the dungeon, and saw 1 of its levels.

You collected 34 gold pieces.

Inventory:

Hand Weapons
 a - a +1 dagger (weapon)
 g - a +3 short sword of distortion
Armour
 b - a +0 robe (worn)
Magical Staves
 e - a staff of death
Scrolls
 c - 3 scrolls of identify {unknown}
 d - a scroll of teleportation {unknown}
 f - a scroll of magic mapping {unknown}


   Skills:
 + Level 0.6 Fighting
 * Level 2.5 Short Blades
 - Level 2.4 Dodging
 * Level 4.7 Stealth
 - Level 2.1 Spellcasting
 * Level 3.4 Hexes


You had 3 spell levels left.
You knew the following spells:

 Your Spells              Type           Power      Damage    Failure   Level
a - Corona                Hex            13%        N/A       4%          1
b - Ensorcelled Hibernat  Hex/Ice        14%        N/A       16%         2

Your spell library contained the following spells:

 Spells                   Type           Power      Damage    Failure   Level
 Confusing Touch          Hex            12%        N/A       16%         3
 Tukima's Dance           Hex            12%        N/A       16%         3
 Dazzling Flash           Conj/Hex       14%        N/A       30%         3


Dungeon Overview and Level Annotations

Branches:
Dungeon (1/15)

Altars:

Shops:
D:1 ?


Innate Abilities, Weirdness & Mutations

You are small and have problems with some larger weapons.
You are completely attuned to the shadows.


Message History

The kobold shouts!
The kobold hits you with a +0 short sword of distortion.
You blink.
A bat comes into view.
Found a ring mail.
Casting: Corona (safe; 4% risk of failure)
Confirm with . or Enter, or press ? or * to list all spells.
Aiming: Ensorcelled Hibernation (safe; 16% risk of failure)
Press: ? - help, Shift-Dir - straight line, f - kobold
Aim: a kobold, wielding a +0 short sword of distortion (chance to affect: 56%)
The kobold looks drowsy...
The bat hits you but does no damage. The bat barely misses you.
The bat closely misses you.
The kobold shouts!
You hit the kobold.
The kobold is moderately wounded.
The bat barely misses you. The kobold hits you but does no damage.
Space warps horribly around you!
Ouch! That really hurt!
* * * LOW HITPOINT WARNING * * *
Casting: Ensorcelled Hibernation (safe; 16% risk of failure)
Confirm with . or Enter, or press ? or * to list all spells.
Aiming: Ensorcelled Hibernation (safe; 16% risk of failure)
Press: ? - help, Shift-Dir - straight line, f/p - kobold
Aim: a kobold, wielding a +0 short sword of distortion (moderately wounded, not susceptible)
Okay, then.
Casting: Ensorcelled Hibernation (safe; 16% risk of failure)
Confirm with . or Enter, or press ? or * to list all spells.
You don't know that spell.
Casting: Ensorcelled Hibernation (safe; 16% risk of failure)
Confirm with . or Enter, or press ? or * to list all spells.
Okay, then.
Casting: Ensorcelled Hibernation (safe; 16% risk of failure)
Confirm with . or Enter, or press ? or * to list all spells.
Aiming: Corona (safe; 4% risk of failure)
Press: ? - help, Shift-Dir - straight line, f/p - kobold
Aim: a kobold, wielding a +0 short sword of distortion (moderately wounded, chance to affect: 66%)
The kobold is outlined in light.
The bat closely misses you. The bat hits you but does no damage.
The kobold hits you but does no damage. Space bends around you.
You die...

###
#.##########
#....K@b..[.
#.##########
#.# #.#
##### #.#
#...# #.#
#.<.# #.#
#...#
##.#####
#...#
#.......


You could see a bat and a kobold (corona).

Vanquished Creatures
  2 ball pythons (D:1)
  4 bats (D:1)
  2 endoplasms (D:1)
  A giant cockroach (D:1)
  5 goblins (D:1)
  3 hobgoblins (D:1)
  3 jackals (D:1)
  5 kobolds (D:1)
  A quokka (D:1)
  5 rats (D:1)
31 creatures vanquished.

Notes
Turn   | Place    | Note
-------+----------+-------------------------------------------
     0 | D:1      | nightchill the Kobold Enchanter began the quest for the
                  | Orb.
     0 | D:1      | Reached XP level 1. HP: 10/10 MP: 3/3
   115 | D:1      | Reached XP level 2. HP: 3/15 MP: 3/5
   567 | D:1      | Learned a level 2 spell: Ensorcelled Hibernation
   834 | D:1      | Reached XP level 3. HP: 13/20 MP: 4/6
   942 | D:1      | Found Abeleah's Magic Scroll Boutique.
  1353 | D:1      | Found a faded altar of an unknown god.
  1615 | D:1      | Slain by a kobold

Illustrated notes

Levels and vault maps discovered:
D:1:      dpeg_arrival_erosion, layout_basic,
          hellmonk_ecumenical_altar_pennies_from_heaven, serial_shops,
          nicolae_shop_behind_doors

Skill      XL: |  1  2 |
---------------+-------+-----
Short Blades   | 2 |  2.5
Fighting       | |  0.6
Dodging        | |  2.4
Stealth        | |  4.7
Spellcasting   | |  2.1
Hexes          | |  3.4

Action                   || total
-------------------------++-------
Melee: Dagger            ||   117
 Cast: Corona            ||    16
       Ensorcelled Hiber ||     5
 Stab: Sleeping          ||    11
Armor: Robe              ||    19
Dodge: Dodged            ||   119
